 Dungeon Crawl Stone Soup version 0.28.0 (webtiles) character file.

Game seed: 6547024302930365730

7 Descartes the Magician (level 2, 0/23 HPs)
             Began as a Djinni Warper on Feb 7, 2022.
             Constricted to death by a ball python (1 damage)
             ... on level 1 of the Dungeon.
             The game lasted 00:00:46 (293 turns).

Descartes the Magician (Djinni Warper)               Turns: 293, Time: 00:00:47

Health: 0/23       AC:  3    Str: 10    XL:     2   Next: 5%
Gold:   0          EV:  8    Int: 14    God:
                   SH:  0    Dex: 12

rFire   + + .      SeeInvis .   a - +0 falchion
rCold   x . .      Faith    .   (no shield)
rNeg    . . .      Spirit   .   b - +0 leather armour
rPois   ∞          Reflect  .   (no helmet)
rElec   .          Harm     .   (no cloak)
rCorr   .          Rampage  .   (no gloves)
Will    .....                   (boots unavailable)
Stlth   +.........              (no amulet)
HPRegen 0.07/turn               (no ring)
MPRegen 0.00/turn               (no ring)

@: flying, constricted
A: sickness immunity, fire resistance 2, cold vulnerability 1, float, innate
caster, HP casting, extra vitality 1
a: no special abilities


You were on level 1 of the Dungeon.
You visited 1 branch of the dungeon, and saw 1 of its levels.

Inventory:

Hand Weapons
 a - a +0 falchion (weapon)
Missiles
 d - 5 boomerangs of dispersal (quivered)
 e - 37 stones
Armour
 b - a +0 leather armour (worn)
Scrolls
 c - a scroll of blinking


   Skills:
 + Level 2.1 Fighting
 + Level 1.8 Long Blades
 + Level 0.9 Throwing
 + Level 1.1 Armour
 + Level 2.3 Dodging
 + Level 2.4 Spellcasting


You couldn't memorise any spells.
You knew the following spells:

 Your Spells              Type           Power      Damage    Failure   Level
a - Blink                 Tloc           16%        N/A       17%         2
b - Lesser Beckoning      Tloc           8%         N/A       32%         3
c - Gell's Gravitas       Tloc           8%         N/A       32%         3
d - Teleport Other        Tloc           8%         N/A       32%         3
e - Manifold Assault      Tloc           8%         N/A       97%         5
Your spell library was empty.

Dungeon Overview and Level Annotations

Branches:
Dungeon (1/15)

Altars:


Innate Abilities, Weirdness & Mutations

You are immune to sickness and miasma.
You are immune to poison.
Your flesh is very heat resistant. (rF++)
You are vulnerable to cold. (rC-)
You float through the air rather than walking.
You learn spells naturally, not from books.
Your magical power is your life essence.
You have superior vitality. (+4 MHP)


Message History

You hit the goblin.
The goblin is severely wounded.
The goblin misses you.
A ball python comes into view.
You closely miss the goblin.
The goblin is severely wounded.
The ball python hisses angrily.
The ball python bites you but does no damage.
The ball python grabs you. The ball python constricts you.
The goblin barely misses you.
The ball python bites you but does no damage.
The ball python constricts you. The goblin hits you with a +0 club.
You escape the ball python's grasp.
You see here a +0 club.
The ball python closely misses you. The ball python grabs you.
The ball python constricts you.
You escape the ball python's grasp.
The ball python closely misses you. The ball python misses you.
The ball python barely misses you. The ball python misses you.
The ball python bites you. The ball python closely misses you.
There is a large open door here.
There is a large open door here.
You barely miss the ball python. The ball python bites you.
* * * LOW HITPOINT WARNING * * *
The ball python grabs you. The ball python constricts you.
You closely miss the ball python. The ball python barely misses you.
The ball python constricts you.
* * * LOW HITPOINT WARNING * * *
The ball python closely misses you. The ball python constricts you.
You hit the ball python.
The ball python is moderately wounded.
The ball python bites you but does no damage.
The ball python constricts you.
You closely miss the ball python.
The ball python is moderately wounded.
The ball python closely misses you. The ball python constricts you.
The ball python bites you.
* * * LOW HITPOINT WARNING * * *
The ball python constricts you.
You die...

#≈≈≈≈♣)♣≈.≈.....
#..≈≈#...#.## #≈.≈.≈≈≈≈.≈##
##......♣≈..# #..≈.≈..≈.≈.#
##≈...≈g♣≈..# #.......gS.#
#########S## #≈≈≈ ##@#####≈..
#......#≈.#########
#......#≈8#≈≈≈≈≈#.≈
#......#≈.#≈...≈#.≈
#####......#≈.#≈.#.≈#.§
#######..........#≈8#≈.#.≈#§§
#.................≈.#≈.#.≈#.≈
##.##.......#####...'..#..'..
#.##...#########...'..#..'..


You could see a goblin and 2 ball pythons.

Vanquished Creatures
  A dart slug (D:1)
  A bat (D:1)
  A kobold (D:1)
  A ball python (D:1)
  A goblin (D:1)
5 creatures vanquished.

Notes
Turn   | Place    | Note
-------+----------+-------------------------------------------
     0 | D:1      | Descartes the Djinni Warper began the quest for the Orb.
     0 | D:1      | Reached XP level 1. HP: 18/18 MP: 0/0
   116 | D:1      | Reached XP level 2. HP: 18/23 MP: 0/0
   293 | D:1      | HP: 1/23 [ball python (3)]
   293 | D:1      | Constricted to death by a ball python

Illustrated notes

Levels and vault maps discovered:
D:1:      lightli_arrival_isolated_outpost, layout_basic, serial_corexii_hall,
          chequers_hall_statues_wall_a, chequers_hall_statues_y,
          corexii_hall_statues_l, corexii_hall_statues_x, minivault_4,
          chequers_serial_rivers_marsh, hangedman_abyss_or_decor_lesser_grid,
          st_stairs_8, minmay_tetromino_t2

Action                   || total
-------------------------++-------
Melee: Falchion          ||    25
Armor: Leather armour    ||    12
Dodge: Dodged            ||    30
